 Dungeon Crawl Stone Soup version 0.18-b1-10-g3f7de93 (webtiles) character file.

65 Inkary the Skirmisher (level 3, 0/37 HPs)
             Began as a Troll Fighter on Apr 29, 2016.
             Slain by a gnoll
             ... wielding a +1 halberd of pain
              (7 damage)
             ... on level 2 of the Dungeon.
             The game lasted 00:02:57 (1252 turns).

Inkary the Skirmisher (Troll Fighter)               Turns: 1252, Time: 00:02:58

Health: 0/37       AC:  5    Str: 29    XL:     3   Next: 92%
Magic:  2/2        EV:  8    Int:  4    God:
Gold:   65         SH:  9    Dex: 10    Spells: 0 memorised, 2 levels left

rFire  . . .     SeeInvis .       - Unarmed
rCold  . . .     Gourm    +     a - +0 robe
rNeg   . . .     Faith    .     b - +0 shield
rPois  .         Spirit   .     (helmet restricted)
rElec  .         Dismiss  .     (no cloak)
rCorr  .         Reflect  .     (gloves unavailable)
SustAt .         Harm     .     (boots unavailable)
MR     .....                    (no amulet)
Stlth  +.........               (no ring)
                                (no ring)

@: mighty, not resistant to hostile enchantments, very unstealthy
A: unfitting armour, claws 3, fast metabolism 3, gourmand, regeneration 2,
shaggy fur 1, tough skin 2
a: no special abilities


You were on level 2 of the Dungeon.
You were very full.

You visited 1 branch of the dungeon, and saw 2 of its levels.

You collected 65 gold pieces.

Inventory:

Armour
 a - a +0 robe (worn)
 b - a +0 shield (worn)
Jewellery
 k - an uncursed ring of wizardry {unknown}
Scrolls
 e - a scroll of remove curse {unknown}
 h - a scroll of enchant weapon {unknown}
 i - 2 scrolls of teleportation {unknown}
 l - a scroll of recharging {unknown}
 n - 2 scrolls of random uselessness {unknown}
 o - a scroll of immolation {unknown}
 p - 2 scrolls of magic mapping {unknown}
 r - a scroll of identify {unknown}
Potions
 c - 2 potions of might
 j - 4 potions of heal wounds {unknown}
 m - a potion of agility {unknown}
 q - a potion of haste {unknown}
Comestibles
 d - 4 bread rations
 f - a beef jerky
 g - a royal jelly


   Skills:
 + Level 3.0 Fighting
 + Level 2.8 Dodging
 + Level 2.9 Shields
 + Level 2.5 Unarmed Combat


You had 2 spell levels left.
You didn't know any spells.

Dungeon Overview and Level Annotations

Branches:
Dungeon (2/15)

Altars:


Innate Abilities, Weirdness & Mutations

You are too large for most types of armour.
You have claws for hands.
Your metabolism is lightning-fast.
You like to eat raw meat.
You heal very quickly.
You are covered in fur (AC +1).
You have very tough skin (AC +2).


Message History

You block the gnoll's attack. x2
You block the hobgoblin's attack. The gnoll hits you but does no damage.
Drink which item? (? for menu, Esc to quit)
You feel very mighty all of a sudden. You block the hobgoblin's attack.
You block the gnoll's attack.
You are too injured to fight recklessly!
You are too injured to fight recklessly!
You are too injured to fight recklessly!
You are too injured to fight recklessly!
You closely miss the hobgoblin. You block the hobgoblin's attack.
You closely miss the hobgoblin.
The gnoll hits you from afar with a halberd.
* * * LOW HITPOINT WARNING * * *
The hobgoblin hits you.
* * * LOW HITPOINT WARNING * * *
You claw the hobgoblin!
You kill the hobgoblin!
You block the gnoll's attack.
The gnoll hits you from afar with a halberd of pain!
You die...

...........##########
.#.........##...#..[##
####.##.##...........##
#.##.##............# .
#..#.###......(....# #
##. #...........# #.
#..........##
##.#.......##
...#.##@#.##
.......#g#.#
#.......g..########
............#.....##
#.................##
#.##...............# #.
#...............#
####.##...............#
##....#................#


You could see 2 gnolls.

Vanquished Creatures
  3 adders (D:2)
  A dart slug (D:1)
  A giant gecko (D:1)
  A ball python (D:1)
  7 bats
  A giant cockroach (D:2)
  4 goblins (D:1)
  2 hobgoblins (D:2)
  2 jackals (D:2)
  4 kobolds
  12 rats
38 creatures vanquished.

Notes
Turn   | Place    | Note
--------------------------------------------------------------
     0 | D:1      | Inkary the Troll Fighter began the quest for the Orb.
     0 | D:1      | Reached XP level 1. HP: 22/22 MP: 0/0
   100 | D:1      | Reached XP level 2. HP: 24/29 MP: 1/1
  1003 | D:2      | Reached XP level 3. HP: 36/36 MP: 2/2
  1161 | D:2      | Reached skill level 3 in Fighting
  1252 | D:2      | Slain by a gnoll

Skill      XL: |  1  2  3 |
---------------+----------+-----
Fighting       | 3 |  3.0
Dodging        | |  2.8
Shields        | |  2.9
Unarmed Combat | |  2.5

Action                   || total
-------------------------++-------
Melee: Unarmed           ||   109
  Use: Potion            ||     1
  Eat: Chunk             ||    16
Armor: Robe              ||    31
Dodge: Dodged            ||    40
Block: Shield            ||    63
